Map: Apotheosis LE

Players

Kelazhur

  • Race: Terran Terran
  • League: Master
  • Spawn Location: 5:00

Chammy (Cham) - Winner!

  • Race: Zerg Zerg
  • League: Grandmaster
  • Spawn Location: 11:00

Event: Copa América 2016 Grand Finals

VOD

Have the link to the VOD?

Description

Time

  • Played on: Oct. 14, 2016, 5:10 p.m.
  • Length: 8:32

All games in this series

Show
View Real Time Build Order
Export as new Build Order

Kelazhur Terran 

Build Orders:  

Get SALT Encoding   

  12  0:09  Supply Depot  
  12  0:13  SCV  
  13  0:25  SCV  
  14  0:39  Barracks  
  14  0:42  Refinery  
  14  0:59  Barracks  
  14  1:01  SCV  
  15  1:13  SCV  
  16  1:26  Reaper  
  16  1:29  Barracks  
  17  1:35  Refinery  
  17  1:46  Reaper  
  18  2:00  Reaper  
  19  2:01  Bunker  
  19  2:16  Reaper  
  20  2:25  Reaper  
  20  2:32  Reaper  
  21  2:45  Supply Depot  
  21  2:48  Reaper  
  22  2:57  Reaper  
  23  3:07  Reaper  
  23  3:20  Reaper  
  24  3:29  Reaper  
  24  3:36  Orbital Command  
  24  3:39  Reaper  
  25  3:52  Reaper  
  24  4:01  Reaper  
  25  4:11  Reaper  
  26  4:22  SCV  
  27  4:24  Reaper  
  27  4:26  Supply Depot  
  28  4:33  Reaper  
  28  4:35  SCV  
  30  4:51  Reaper, SCV  
  31  4:56  Reaper  
  31  4:57  Supply Depot  
  32  5:05  Reaper  
  32  5:19  SCV  
  28  5:23  Reaper  
  29  5:29  Reaper  
  30  5:36  SCV  
  30  5:37  Reaper  
  31  5:54  SCV  
  31  5:55  Reaper  
  32  6:01  Reaper  
  33  6:06  SCV  
  33  6:10  Reaper  
  35  6:23  SCV  
  36  6:27  Reaper  
  36  6:30  Factory  
  37  6:33  Reaper  
  37  6:35  SCV  
  39  6:40  Command Center  
  39  6:42  Reaper  
  36  7:13  SCV  
  36  7:15  Starport  
  25  7:23  Factory Tech Lab  
  25  7:25  Bunker, SCV  
  26  7:38  SCV  
  27  7:47  Reaper x2  
  27  7:48  Reaper  
  27  7:50  SCV  
  31  7:52  Widow Mine  
  31  7:55  Orbital Command  
  33  8:02  SCV  
  27  8:14  SCV  
Show
View Real Time Build Order
Export as new Build Order

Chammy Zerg - Winner!

Build Orders: Hatch First 

Get SALT Encoding   

  12  0:00  Drone  
  13  0:08  Drone  
  14  0:17  Overlord  
  14  0:35  Drone x3  
  17  0:52  Hatchery  
  17  0:55  Drone  
  17  1:00  Drone  
  18  1:09  Extractor  
  17  1:13  Spawning Pool  
  17  1:16  Drone  
  17  1:20  Drone  
  18  1:29  Drone  
  19  1:40  Overlord  
  19  2:00  Queen  
  21  2:01  Zergling x4, Roach Warren  
  21  2:07  Queen  
  24  2:15  Metabolic Boost  
  23  2:30  Zergling x2  
  23  2:31  Drone  
  23  2:36  Zergling x4  
  25  2:47  Roach  
  26  2:52  Roach  
  28  3:00  Roach  
  28  3:05  Roach  
  30  3:21  Roach  
  30  3:22  Roach  
  30  3:25  Roach  
  35  3:32  Overlord  
  35  3:53  Roach  
  35  3:54  Roach x3  
  32  4:06  Roach  
  32  4:23  Zergling x4  
  34  4:26  Zergling x4  
  34  4:31  Zergling x4  
  38  4:33  Roach  
  38  4:36  Zergling x2  
  36  4:49  Zergling x2, Roach  
  38  4:53  Zergling x2  
  38  4:57  Zergling x2  
  40  5:01  Zergling x2  
  41  5:11  Roach  
  38  5:17  Zergling x2  
  38  5:18  Zergling x2  
  39  5:29  Zergling x2  
  40  5:37  Zergling x2  
  40  5:39  Zergling x2  
  42  5:43  Roach  
  44  5:52  Overlord  
  44  6:11  Zergling x4  
  46  6:19  Zergling x2  
  46  6:21  Zergling x2  
  46  6:23  Ravager  
  46  6:24  Zergling x4  
  51  6:32  Zergling x4  
  51  6:41  Overlord  
  43  7:01  Roach x2  
  47  7:07  Roach  
  45  7:12  Roach  
  44  7:18  Ravager  
  44  7:20  Drone  
  46  7:23  Ravager  
  46  7:25  Zergling x2  
  46  7:29  Zergling x2  
  49  7:33  Zergling x2  
  50  7:44  Zergling x4  
  50  7:46  Zergling x2  
  53  7:54  Zergling x2  
  53  7:55  Zergling x2  
  55  8:05  Zergling x2  
  55  8:06  Zergling x4  
Tags
 
Add a new tag
Caveats
  • Supply blocks, unpowered buildings, or Contaminate may cause inaccurate times.
  • Supply counts are checked every 10 seconds.